 Dungeon Crawl Stone Soup version 0.29.0-11-gd7f09526c8 (webtiles) character file.

Game seed: 13788724481780625231

32 xian the Vexing (level 3, 0/17 HPs)
             Began as a Spriggan Arcane Marksman on Sept 6, 2022.
             Frozen to death by an endoplasm (2 damage)
             ... on level 1 of the Dungeon.
             The game lasted 00:01:53 (956 turns).

xian the Vexing (Spriggan Arcane Marksman)           Turns: 956, Time: 00:01:54

Health: 0/17       AC:  2    Str:  6 (8)  XL:     3   Next: 8%
Magic:  6/6        EV: 17    Int: 12 (14) God:
Gold:   97         SH:  0    Dex: 14 (15) Spells: 3/4 levels left

rFire   . . .      SeeInvis +   a - +1 sling
rCold   . . .      Faith    .   (no shield)
rNeg    . . .      Spirit   .   c - +0 robe
rPois   .          Reflect  .   (helmet restricted)
rElec   .          Harm     .   (no cloak)
rCorr   .          Rampage  .   (gloves unavailable)
Will    .....                   (boots unavailable)
Stlth   +.........              (no amulet)
HPRegen 0.05/turn               (no ring)
MPRegen 0.10/turn               (no ring)

@: mighty, very quick
A: very small, no large weapons, unfitting armour, see invisible, speed 3
a: no special abilities


You were on level 1 of the Dungeon.
You visited 1 branch of the dungeon, and saw 2 of its levels.

You collected 97 gold pieces.

Inventory:

Hand Weapons
 a - a +1 sling (weapon)
 g - a +0 dagger
Armour
 c - a +0 robe (worn)
Scrolls
 b - a scroll of poison
 e - a scroll of identify {unknown}


   Skills:
 + Level 0.7 Fighting
 + Level 3.0 Ranged Weapons
 + Level 2.7 Dodging
 + Level 0.4 Stealth
 + Level 1.3 Spellcasting
 + Level 4.2 Hexes


You had 3 spell levels left.
You knew the following spells:

 Your Spells              Type           Power      Damage    Failure   Level
a - Slow                  Hex            40%        N/A       5%          1

Your spell library contained the following spells:

 Spells                   Type           Power      Damage    Failure   Level
 Sting                    Tmut/Pois      0%         1d3       28%         1
 Inner Flame              Hex/Fire       5%         N/A       36%         3
 Portal Projectile        Hex/Tloc       10%        N/A       36%         3
 Poisonous Vapours        Pois/Air       0%         N/A       41%         2
 Cause Fear               Hex            5%         N/A       45%         4
 Olgreb's Toxic Radiance  Pois           0%         N/A       96%         4


Dungeon Overview and Level Annotations

Branches:
Dungeon (2/15)

Altars:

Annotations:
D:1 Natasha


Innate Abilities, Weirdness & Mutations

You are very small and have problems with some larger weapons.
You are too small for most types of armour.
You have supernaturally acute eyesight. (SInv)
You cover ground extremely quickly. (Speed+++)


Message History

Natasha casts a spell at you. You resist with some effort.
The endoplasm freezes you.
You are frozen.
You shoot a sling bullet.
The sling bullet closely misses Natasha.
Natasha closely misses you. The endoplasm freezes you.
You are frozen.
You shoot a sling bullet. The sling bullet hits Natasha.
Natasha is severely wounded.
Natasha claws you.
The endoplasm hits you but does no damage.
Natasha claws you but does no damage.
You are too injured to fight recklessly!
You are too injured to fight recklessly!
You are too injured to fight recklessly!
You are too injured to fight recklessly!
Unknown command.
The endoplasm freezes you.
You are frozen.
* * * LOW HITPOINT WARNING * * *
Natasha claws you.
* * * LOW HITPOINT WARNING * * *
You climb upwards.
There is a stone staircase leading down here.
It was a potion of might.
You feel very mighty all of a sudden. The endoplasm misses you.
Natasha mumbles some strange words.
Okay, then.
Fire: a) +1 sling
Press: ? - help, Q - select action, (/) - cycle Shift-Dir - straight line
Okay, then.
It was a potion of degeneration.
There was something very wrong with that liquid.
You feel weakened.
You feel dopey.
You feel clumsy. The endoplasm freezes you.
You are frozen.
You die...

####### #.....# #.....# #.....#
######## #.....#
#####......####.....#
##..............@J...#
...##♣'♣##..).5.h.####
†♣♣#.....#♣♣.#..#.#
b♣÷#..8..#÷♣..#...#####
b♣♣#.....#♣♣..#.......#### #
.♣P###'###P♣......#.#....# #
.♣♣.PP.PPP.♣......#..###.# ######
.♣♣♣♣P.P.P♣♣..##.........###...#.
..♣♣P♣.P♣♣♣......................


You could see Natasha, a crimson imp (summoned) and an endoplasm.

Vanquished Creatures
  A dart slug (D:1)
  2 ball pythons (D:1)
  2 bats (D:1)
  3 endoplasms (D:1)
  3 goblins (D:1)
  A hobgoblin (D:1)
  4 jackals (D:1)
  5 kobolds (D:1)
  A quokka (D:1)
  A rat (D:1)
23 creatures vanquished.

Notes
Turn   | Place    | Note
-------+----------+-------------------------------------------
     0 | D:1      | xian the Spriggan Arcane Marksman began the quest for the
                  | Orb.
     0 | D:1      | Reached XP level 1. HP: 9/9 MP: 3/3
    32 | D:1      | Reached skill level 4 in Hexes
    75 | D:1      | Reached XP level 2. HP: 9/14 MP: 5/5
   351 | D:1      | Found a faded altar of an unknown god.
   504 | D:1      | Reached XP level 3. HP: 3/17 MP: 6/6
   945 | D:2      | Noticed Natasha
   956 | D:1      | Frozen to death by an endoplasm

Illustrated notes

Levels and vault maps discovered:
D:1:      beargit_arrival_greenhouse, layout_rooms,
          dilly_ecumenical_altar_fadedgnrine
D:2:      layout_rooms, uniq_crazy_yiuf_cottage, uniq_natasha, uniq_robin

Skill      XL: |  1  2 |
---------------+-------+-----
Hexes          | 4 |  4.2
Ranged Weapons | 3 |  3.0
Fighting       | |  0.7
Dodging        | |  2.7
Stealth        | |  0.4
Spellcasting   | |  1.3

Action                   || total
-------------------------++-------
 Fire: Sling             ||    78
  Use: Scroll            ||     2
       Potion            ||     2
Armor: Robe              ||     7
Dodge: Dodged            ||    28
